 Dungeon Crawl Stone Soup version 0.18.1-8-gdd0e5ea (webtiles) character file.

102 sleepydude the Cudgeler (level 4, -1/39 HPs)
             Began as a Minotaur Berserker on June 4, 2016.
             Was a Believer of Trog.
             Killed from afar by Natasha (5 damage)
             ... with a magic dart
             ... on level 2 of the Dungeon on June 6, 2016.
             The game lasted 00:08:46 (1310 turns).

sleepydude the Cudgeler (Minotaur Berserker)        Turns: 1310, Time: 00:08:46

Health: -1/39      AC:  7    Str: 22    XL:     4   Next: 50%
Magic:  3/3        EV: 10    Int:  4    God:    Trog [**....]
Gold:   93         SH:  0    Dex: 10    Spells: 0 memorised, 3 levels left

rFire  . . .     SeeInvis .     p - +0 mace
rCold  . . .     Gourm    .     q - +1 scale mail
rNeg   . . .     Faith    .     (no shield)
rPois  .         Spirit   .     (helmet restricted)
rElec  .         Dismiss  .     (no cloak)
rCorr  .         Reflect  .     (no gloves)
SustAt .         Harm     .     (no boots)
MR     .....                    (no amulet)
Stlth  ..........               (no ring)
                                (no ring)

@: slowed, very slow, not resistant to hostile enchantments, extremely
unstealthy
A: retaliatory headbutt, horns 2
a: Berserk, Trog's Hand, Burn Spellbooks, Renounce Religion


You were on level 2 of the Dungeon.
You worshipped Trog.
Trog was pleased with you.
You were not hungry.

You visited 1 branch of the dungeon, and saw 2 of its levels.

You collected 93 gold pieces.

Inventory:

Hand Weapons
 p - a +0 mace (weapon)
Armour
 q - a +1 scale mail (worn)
Jewellery
 m - an uncursed amulet of magic regeneration
Scrolls
 a - a scroll of identify
Potions
 g - a potion of cancellation {unknown}
 j - a potion of magic {unknown}
 k - a potion of heal wounds
 l - 2 potions of haste {unknown}
 n - a potion of flight {unknown}
 o - a potion of resistance {unknown}
Comestibles
 c - a bread ration
 f - a meat ration


   Skills:
 - Level 3.6 Fighting
 + Level 6.4 Maces & Flails
 - Level 2.4 Armour
 - Level 2.2 Dodging


You had 3 spell levels left.
You didn't know any spells.

Dungeon Overview and Level Annotations

Branches:
Dungeon (2/15)

Altars:

Annotations:
D:2 Natasha


Innate Abilities, Weirdness & Mutations

You reflexively headbutt those who attack you in melee.
You have a pair of horns on your head.


Message History

You furiously retaliate!
You headbutt the white imp. You hit Natasha.
Natasha is severely wounded.
The white imp hits you. The white imp freezes you. Natasha claws you.
The crimson imp blinks!
Natasha claws you. The white imp hits you. The white imp freezes you.
* * * LOW HITPOINT WARNING * * *
You are too injured to fight recklessly!
You are too injured to fight recklessly!
You are too injured to fight recklessly!
Natasha claws you.
* * * LOW HITPOINT WARNING * * *
Natasha claws you.
* * * LOW HITPOINT WARNING * * *
Unknown command.
Unknown command.
The crimson imp hits you but does no damage.
Natasha casts a spell at you. The magic dart hits you!
You die...

#.# #.#.# #.## #.#
#.#.# ###'## #.#
#.#.# #..... #.#
###.#.# #.....
#.####.....####.....
#....#.....†........
#..>.#....#####.....
#55..#....#####.....
#..@.#..............
######
#h##################
#....# #5# #....#
#.# #....# #.#
####### # #....# #.#
#..... #.
######....# ..#
#..... #.
..........# ..' ....
#. ###.##....# ..#
#..# #.##


You could see Natasha, a crimson imp and a white imp.

Vanquished Creatures
  Terence (D:2)
  Natasha (D:2)
  2 adders (D:2)
  A worm (D:2)
  6 bats
  A giant cockroach (D:1)
  9 goblins
  A hobgoblin (D:2)
  2 giant newts (D:2)
  5 kobolds
  5 rats
34 creatures vanquished.

Notes
Turn   | Place    | Note
--------------------------------------------------------------
     0 | D:1      | sleepydude the Minotaur Berserker began the quest for the Orb.
     0 | D:1      | Reached XP level 1. HP: 19/19 MP: 0/0
   180 | D:1      | Reached skill level 4 in Maces & Flails
   203 | D:1      | Reached XP level 2. HP: 26/26 MP: 1/1
   586 | D:2      | Reached ** piety under Trog
   733 | D:2      | Reached skill level 5 in Maces & Flails
   844 | D:2      | Noticed Natasha
   846 | D:2      | Killed Natasha
   846 | D:2      | Reached XP level 3. HP: 15/31 MP: 2/2
  1012 | D:2      | Noticed Terence
  1041 | D:2      | Killed Terence
  1041 | D:2      | Reached skill level 6 in Maces & Flails
  1041 | D:2      | Reached XP level 4. HP: 23/39 MP: 3/3
  1294 | D:2      | Noticed Natasha
  1310 | D:2      | Killed from afar by Natasha

Skill      XL: |  1  2  3 |
---------------+----------+-----
Maces & Flails | 4 5 6 |  6.4
Fighting       | |  3.6
Armour         | |  2.4
Dodging        | |  2.2

Action                   |  1- 3 |  4- 6 || total
-------------------------+-------+-------++-------
Melee: Mace              |    76 |    11 ||    87
       Headbutt          |     5 |     3 ||     8
  Use: Scroll            |       |     2 ||     2
 Stab: Sleeping          |     1 |       ||     1
  Eat: Beef jerky        |       |     1 ||     1
Armor: Animal skin       |     6 |       ||     6
       Ring mail         |     7 |       ||     7
       Scale mail        |       |     4 ||     4
Dodge: Dodged            |    45 |     3 ||    48
